 Dungeon Crawl Stone Soup version 0.28-a0-114-g2bf3c13a2f (webtiles) character file.

Game seed: 14012835347340088386

100 lunkers the Magician (level 5, -15/38 HPs)
             Began as a Djinni Earth Elementalist on Aug 11, 2021.
             Demolished by Pikel (17 damage)
             ... on level 3 of the Dungeon on Aug 12, 2021.
             The game lasted 00:04:49 (4430 turns).

lunkers the Magician (Djinni Earth Elementalist)    Turns: 4430, Time: 00:04:50

Health: -15/38     AC:  3    Str:  7    XL:     5   Next: 3%
Gold:   147        EV: 12    Int: 18    God:
                   SH:  0    Dex: 13

rFire   + + .      SeeInvis .   l - +2 short sword (venom)
rCold   x . .      Faith    .   (no shield)
rNeg    . . .      Spirit   .   b - +0 robe
rPois   ∞          Reflect  .   f - +0 helmet
rElec   .          Harm     .   (no cloak)
rCorr   .          Rampage  .   (no gloves)
Will    .....                   (boots unavailable)
Stlth   ++........              (no amulet)
HPRegen 0.12/turn               (no ring)
MPRegen 0.00/turn               (no ring)

@: flying
A: sickness immunity, fire resistance 2, cold vulnerability 1, float, innate
caster, hp casting, extra vitality 1
a: no special abilities


You were on level 3 of the Dungeon.
You visited 1 branch of the dungeon, and saw 4 of its levels.

You collected 147 gold pieces.

Inventory:

Hand Weapons
 l - a +2 short sword of venom (weapon)
Missiles
 c - 18 stones
Armour
 b - a +0 robe (worn)
 f - a +0 helmet (worn)
Jewellery
 e - a ring of positive energy
 u - a ring of positive energy
Scrolls
 a - a scroll of enchant armour {unknown}
 i - a scroll of amnesia {unknown}
 j - a scroll of blinking {unknown}
 m - a scroll of fog {unknown}
 n - a scroll of magic mapping {unknown}
 o - 2 scrolls of identify {unknown}
 q - a scroll of acquirement {unknown}
 s - a scroll of summoning {unknown}
 v - a scroll of vulnerability {unknown}
Potions
 d - a potion of invisibility {unknown}
 g - 2 potions of ambrosia {unknown}
 h - 2 potions of curing {unknown}
 k - 2 potions of flight {unknown}
 p - a potion of haste {unknown}
 r - a potion of brilliance {unknown}
 t - a potion of attraction {unknown}


   Skills:
 + Level 2.1 Fighting
 - Level 2.1 Dodging
 - Level 1.5 Stealth
 * Level 3.6 Spellcasting


You couldn't memorise any spells.
You knew the following spells:

 Your Spells              Type           Power      Damage    Failure   Level
a - Stone Arrow           Conj/Erth      32%        3d9       10%         3
b - Passwall              Tmut/Erth      13%        N/A       4%          2
c - Sandblast             Erth           32%        2d9       3%          1
d - Petrify               Tmut/Erth      16%        N/A       32%         4
e - Corona                Hex            17%        N/A       3%          1
f - Ensorcelled Hibernat  Hex/Ice        32%        N/A       4%          2
Your spell library was empty.

Dungeon Overview and Level Annotations

Branches:
Dungeon (4/15)
 Temple: D:4-7

Altars:

Shops:
D:2 [

Annotations:
D:3 Pikel


Innate Abilities, Weirdness & Mutations

You are immune to sickness and miasma.
You are immune to poison.
Your flesh is very heat resistant. (rF++)
You are vulnerable to cold. (rC-)
You float through the air rather than walking.
You learn spells naturally, not from books.
Your magical power is your life essence.
You have superior vitality. (+4 HP)


Message History

* * * LOW HITPOINT WARNING * * *
Pikel closely misses you.
Unknown command.
Unknown command.
Casting: Sandblast (safe; 3% risk of failure)
Confirm with . or Enter, or press ? or * to list all spells.
Aiming: Sandblast (safe; 3% risk of failure)
Press: ? - help, Shift-Dir - straight line, f/p - Pikel
Aim: Pikel, wielding a +1 whip of electrocution and wearing a +0 robe (heavily wounded, 74% to hit)
The blast of sand hits Pikel but does no damage.
Pikel is heavily wounded.
* * * LOW HITPOINT WARNING * * *
Pikel hits you with a +1 whip of electrocution!
* * * LOW HITPOINT WARNING * * *
Unknown command.
Casting: Sandblast (safe; 3% risk of failure)
Confirm with . or Enter, or press ? or * to list all spells.
Aiming: Sandblast (safe; 3% risk of failure)
Press: ? - help, Shift-Dir - straight line, f/p - Pikel
Aim: Pikel, wielding a +1 whip of electrocution and wearing a +0 robe (heavily wounded, 74% to hit)
The blast of sand hits Pikel but does no damage.
Pikel is heavily wounded.
* * * LOW HITPOINT WARNING * * *
Pikel closely misses you.
Unknown command.
Unknown command.
You aren't carrying any items that you can evoke.
Unknown command.
Casting: Sandblast (safe; 3% risk of failure)
Confirm with . or Enter, or press ? or * to list all spells.
Aiming: Sandblast (safe; 3% risk of failure)
Press: ? - help, Shift-Dir - straight line, f/p - Pikel
Aim: Pikel, wielding a +1 whip of electrocution and wearing a +0 robe (heavily wounded, 74% to hit)
The blast of sand hits Pikel!
Pikel is severely wounded.
* * * LOW HITPOINT WARNING * * *
Pikel hits you with a +1 whip of electrocution!
* * * LOW HITPOINT WARNING * * *
You are electrocuted!
You die...

##...###...#####.##...#
#....# # .#.###...⌠..#
#.###.## #..### #
####........## #.#
#.#####..# #
.#...........# #.#
#....##..#####
.##.⌠........###.#
####.##.......
..#.....⌠.....##.#
#.######.##
..##........⌠.##.# #.#
#.# ...#............K#
#.# #.#
...##........###@#
#.######.##
....#..⌠...### #.#
#.##......#
..⌠.##...### #.#
#.##.##.... .......###
#.# #.##.##.##.
...##### #.#
#.##K##.##. .###
######.# #.#..).....
######### #......#
#...##...## ........#
#.###### #..###.#.#.
#.#####.# #.#
#..###...#.


You could see Pikel.

Vanquished Creatures
  3 adders
  3 worms
  An orc (D:3)
  7 endoplasms
  4 giant cockroaches
  4 goblins
  5 hobgoblins
  3 quokkas (D:2)
  11 ball pythons
  5 bats (D:3)
  4 frilled lizards
  6 kobolds
  8 rats
64 creatures vanquished.

Notes
Turn   | Place    | Note
-------+----------+-------------------------------------------
     0 | D:1      | lunkers the Djinni Earth Elementalist began the quest for
                  | the Orb.
     0 | D:1      | Reached XP level 1. HP: 15/15 MP: 0/0
   652 | D:1      | Reached XP level 2. HP: 21/22 MP: 0/0
   652 | D:1      | Upgraded the game from 0.28-a0-105-g49a0850c41 to
                  | 0.28-a0-114-g2bf3c13a2f
  1611 | D:2      | Reached skill level 1 in Fighting
  1836 | D:2      | Reached skill level 3 in Spellcasting
  1836 | D:2      | Reached XP level 3. HP: 22/27 MP: 0/0
  1836 | D:2      | Learned a level 1 spell: Corona
  1974 | D:2      | Found Ycanouc's Antique Armour Boutique.
  2681 | D:3      | Reached XP level 4. HP: 31/33 MP: 0/0
  4074 | D:3      | Reached XP level 5. HP: 28/38 MP: 0/0
  4074 | D:3      | Learned a level 2 spell: Ensorcelled Hibernation
  4194 | D:3      | Found a faded altar of an unknown god.
  4364 | D:4      | Noticed a lemure
  4366 | D:4      | Noticed Pikel
  4367 | D:4      | Noticed a lemure
  4369 | D:4      | Noticed a lemure
  4430 | D:3      | Demolished by Pikel

Illustrated notes

Levels and vault maps discovered:
D:1:      lemuel_arrival_muddy, layout_basic, serial_forest,
          infiniplex_forest_zigzag_2, infiniplex_forest_end_3,
          infiniplex_forest_end_double, infiniplex_forest_lined_ring,
          infiniplex_forest_straight_3
D:2:      layout_loops_ring, serial_shops, nicolae_shop_crystal
D:3:      minmay_skewed_foursquare, layout_loops_ring,
          shapermc_ecumenical_altar_mp_highgroup, minmay_starry_boxes
D:4:      layout_cave_pools, uniq_edmund, uniq_menkaure, uniq_pikel,
          uniq_blork_the_orc

Skill      XL: |  1  2  3  4 |
---------------+-------------+-----
Fighting       | 1 2 |  2.1
Spellcasting   | 3 |  3.6
Dodging        | |  2.1
Stealth        | |  1.5

Action                   |  1- 3 |  4- 6 || total
-------------------------+-------+-------++-------
Melee: Short sword       |       |     1 ||     1
 Cast: Sandblast         |    54 |    15 ||    69
       Stone Arrow       |       |    37 ||    37
Armor: Robe              |     1 |     5 ||     6
Dodge: Dodged            |     5 |    14 ||    19

Table legend: (Time is in decaauts)
 A = Elapsed time spent in this place.
 B = Non-inter-level travel time spent in this place.
 C = Inter-level travel time spent in this place.
 D = Time resting spent in this place.
 E = Time spent auto-exploring this place.
 F = Levels seen in this place.
 G = Mean time per level.
                   A        B        C        D        E       F      G
               +--------+--------+--------+--------+--------+-----+--------+
         Total |   4429 |   4268 |    161 |     12 |   3867 |   4 | 1107.2 |
       Dungeon |   4429 |   4268 |    161 |     12 |   3867 |   4 | 1107.2 |
               +--------+--------+--------+--------+--------+-----+--------+

Top non-repeatable levels by time:
     D:3: 1868 daAuts
     D:1: 1603 daAuts
     D:2: 951 daAuts
     D:4: 5 daAuts
